 Dungeon Crawl Stone Soup version 0.17.1-1-g73c8601 (webtiles) character file.

227 Goblin1989 the Insei (level 6, -1/32 HPs)
             Began as a Vine Stalker Monk on Jan 2, 2016.
             Slain by Grinder (2 damage)
             ... while paralysed by Grinder
             ... on level 5 of the Dungeon.
             The game lasted 00:05:03 (2499 turns).

Goblin1989 the Insei (Vine Stalker Monk)            Turns: 2499, Time: 00:05:03

Health: -1/32      AC:  5    Str: 15    XL:     6   Next: 2%
Magic:  0/7        EV:  2    Int: 10    God:
Gold:   133        SH:  0    Dex: 17    Spells: 0 memorised, 5 levels left

rFire  . . .     SeeInvis .       - Unarmed
rCold  + . .     Clarity  .     k - +0 ring mail {rC+}
rNeg   . . .     SustAt   .     (no shield)
rPois  .         Gourm    .     (no helmet)
rElec  .         Spirit   +     (no cloak)
rCorr  .         Warding  .     (no gloves)
rMut   .         Stasis   .     (no boots)
MR     .....                    (no amulet)
Stlth  ++........               (no ring)
                                (no ring)

@: paralysed, not resistant to hostile enchantments, unstealthy
A: fangs 2, regeneration 2, magic shield, antimagic bite, no device heal 3, rot
immunity
a: no special abilities


You were on level 5 of the Dungeon.
You were not hungry.

You visited 1 branch of the dungeon, and saw 5 of its levels.

You collected 133 gold pieces.

Inventory:

Hand Weapons
 b - a +0 blowgun
Missiles
 r - 13 poisoned needles
Armour
 k - a +0 ring mail of cold resistance (worn)
Jewellery
 d - an uncursed ring of protection from magic {unknown}
 s - an uncursed ring of protection from fire {unknown}
 w - an uncursed ring of sustain attributes {unknown}
Wands
 j - a wand of confusion (28)
Scrolls
 a - 3 scrolls of immolation {unknown}
 e - a scroll of noise {unknown}
 g - 5 scrolls of identify {unknown}
 i - a scroll of magic mapping {unknown}
 m - a scroll of random uselessness {unknown}
 n - a scroll of recharging {unknown}
 o - 3 scrolls of remove curse {unknown}
 t - a scroll of fog {unknown}
 u - a scroll of teleportation {unknown}
Potions
 c - a potion of lignification {unknown}
 f - 2 potions of curing {unknown}
 h - 2 potions of heal wounds {unknown}
 l - a potion of brilliance {unknown}
 p - a potion of degeneration {unknown}
 v - a potion of cancellation {unknown}
Comestibles
 q - 5 bread rations


   Skills:
 - Level 2.6 Fighting
 - Level 2.4 Dodging
 - Level 2.4 Stealth
 * Level 7.0 Unarmed Combat


You had 5 spell levels left.
You didn't know any spells.

Dungeon Overview and Level Annotations

Branches:
Dungeon (5/15)
 Temple: D:4-7

Altars:
Nemelex Xobeh

Annotations:
D:5 Grinder


Innate Abilities, Weirdness & Mutations

You have extremely sharp teeth.
You heal very quickly.
When hurt, damage is shared between your health and your magic reserves.
Your bite disrupts and absorbs the magic of your enemies.
Potions and wands cannot restore your health.
You are immune to rotting.


Message History

* * * LOW HITPOINT WARNING * * *
You writhe in agony.
* * * LOW HITPOINT WARNING * * *
Unknown command.
You closely miss Grinder.
Grinder is moderately wounded.
Unknown command.
You hit Grinder. You bite Grinder, but do no damage.
Grinder is heavily wounded.
Grinder hits you but does no damage.
Unknown command.
You hit Grinder.
Grinder is heavily wounded.
Grinder gestures at you.
You suddenly lose the ability to move!
Grinder hits you but does no damage. Grinder hits you!
* * * LOW HITPOINT WARNING * * *
You writhe in agony.
You die...

##..#
##.####..#..#
.....#
##...##...####
......##.........#
. #............# .
##.....#.........
###....###....####
##.............# #
#......####>.#.# .
#.@....# ...#.. .
#.5$.............
. #.....###..
.......# .
.........#
#......##..#
........ ...
.......### ##


You could see Grinder.

Vanquished Creatures
  A centaur (D:5)
  A crimson imp (D:4)
  A hound zombie (D:3)
  4 adders
  An adder skeleton (D:4)
  2 giant geckos
  A giant cockroach (D:3)
  2 goblins (D:1)
  6 hobgoblins
  6 jackals
  6 kobolds
  4 quokkas
  2 ball pythons
  4 bats
  A giant gecko skeleton (D:5)
  6 giant newts
  2 rats (D:1)
50 creatures vanquished.

Notes
Turn   | Place    | Note
--------------------------------------------------------------
     0 | D:1      | Goblin1989 the Vine Stalker Monk began the quest for the Orb.
     0 | D:1      | Reached XP level 1. HP: 11/11 MP: 2/2
    41 | D:1      | Reached XP level 2. HP: 10/16 MP: 3/3
   866 | D:2      | Found a sparkling altar of Nemelex Xobeh.
  1046 | D:2      | Reached skill level 5 in Unarmed Combat
  1046 | D:2      | Reached XP level 3. HP: 17/19 MP: 4/4
  1480 | D:3      | Reached XP level 4. HP: 23/23 MP: 5/5
  2117 | D:4      | Reached skill level 6 in Unarmed Combat
  2117 | D:4      | Reached XP level 5. HP: 27/27 MP: 6/6
  2313 | D:4      | Noticed an ogre
  2371 | D:5      | Entered Level 5 of the Dungeon
  2382 | D:5      | Noticed a centaur
  2397 | D:5      | Killed a centaur
  2397 | D:5      | Reached skill level 7 in Unarmed Combat
  2397 | D:5      | Gained mutation: You heal very quickly. [Vine Stalker growth]
  2397 | D:5      | Reached XP level 6. HP: 7/32 MP: 7/7
  2481 | D:5      | Noticed Grinder
  2486 | D:5      | Paralysed by Grinder for 7 turns
  2497 | D:5      | Paralysed by Grinder for 5 turns
  2499 | D:5      | HP: 1/32 [Grinder (7)]
  2499 | D:5      | Slain by Grinder

Action                   |  1- 3 |  4- 6 || total
-------------------------+-------+-------++-------
Melee: Unarmed           |   113 |    62 ||   175
 Fire: Blowgun           |       |     1 ||     1
 Stab: Sleeping          |     2 |       ||     2
  Eat: Chunk             |     2 |       ||     2
       Bread ration      |       |     1 ||     1
